 Dungeon Crawl Stone Soup version 0.30-a0-4-ga7cffc901d (webtiles) character file.

Game seed: 14956922504338213619

570 frimble the Digger (level 7, -4/46 HPs)
             Began as a Demonspawn Earth Elementalist on Aug 21, 2022.
             Slain by an iguana (11 damage)
             ... on level 5 of the Dungeon.
             The game lasted 00:05:24 (4683 turns).

frimble the Digger (Demonspawn Earth Elementalist)  Turns: 4683, Time: 00:05:25

Health: -4/46      AC:  6    Str:  9    XL:     7   Next: 11%
Magic:  19/19      EV: 11    Int: 16    God:
Gold:   174        SH:  0    Dex: 15    Spells: 7/10 levels left

rFire   . . .      SeeInvis +    x - +2 dagger (flame)
rCold   . . .      Faith    .    (no shield)
rNeg    . . .      Spirit   .    m - +0 leather armour {rPois}
rPois   +          Reflect  .    (no helmet)
rElec   .          Harm     .    (no cloak)
rCorr   .          Rampage  .    (no gloves)
Will    .....                    (no boots)
Stlth   ++........               f - amulet of regeneration
HPRegen 0.95/turn                d - ring of see invisible
MPRegen 0.16/turn                o - ring of magical power

@: no status effects
A: thin metallic scales 2, weakness stinger 2
a: no special abilities


You were on level 5 of the Dungeon.
You visited 1 branch of the dungeon, and saw 5 of its levels.

You collected 174 gold pieces.

Inventory:

Hand Weapons
 e - a +0 dagger
 x - a +2 dagger of flaming (weapon)
Missiles
 c - a throwing net
Armour
 j - a +1 kite shield
 m - a +0 leather armour of poison resistance (worn)
Jewellery
 d - a ring of see invisible (left hand)
 f - an amulet of regeneration (around neck)
 o - a ring of magical power (right hand)
 t - a +6 ring of strength
Potions
 a - a potion of berserk rage
 b - a potion of magic
 g - 5 potions of curing
 h - a potion of degeneration
 i - 2 potions of heal wounds
 k - 2 potions of ambrosia
 l - 2 potions of brilliance {unknown}
 n - 2 potions of haste {unknown}
 p - a potion of flight {unknown}
 u - 2 potions of resistance {unknown}
 v - a potion of lignification {unknown}


   Skills:
 + Level 3.4 Short Blades
 - Level 2.0 Dodging
 - Level 2.0 Stealth
 - Level 2.1 Spellcasting
 + Level 3.9 Transmutations
 + Level 4.8 Earth Magic


You had 7 spell levels left.
You knew the following spells:

 Your Spells              Type           Power      Damage    Failure   Level
a - Sandblast             Erth           34%        2d9       4%          1
b - Passwall              Tmut/Erth      12%        N/A       7%          2

Your spell library contained the following spells:

 Spells                   Type           Power      Damage    Failure   Level
 Stone Arrow              Conj/Erth      18%        3d8       32%         3
 Petrify                  Tmut/Erth      15%        N/A       43%         4
 Ignite Poison            Fire/Tmut/Pois 5%         N/A       45%         3
 Inner Flame              Hex/Fire       1%         N/A       65%         3
 Ozocubu's Armour         Ice            1%         N/A       65%         3
 Cause Fear               Hex            0%         N/A       96%         4
 Flame Wave               Conj/Fire      1%         2d4       96%         4
 Metabolic Englaciation   Hex/Ice        0%         N/A       100%        5
 Simulacrum               Ice/Necr       0%         N/A       100%        6
 Ozocubu's Refrigeration  Ice            0%         4d7       100%        7
 Discord                  Hex            0%         N/A       100%        8
 Ignition                 Fire           0%         3d3       100%        8


Dungeon Overview and Level Annotations

Branches:
Dungeon (5/15)
 Temple: D:4-7

Altars:
Cheibriados
Hepliaklqana
Uskayaw
Xom

Annotations:
D:4 Dowan, Duvessa


Innate Abilities, Weirdness & Mutations

You are mostly covered in thin metallic scales. (AC +3)
You have a tail ending in a sharp stinger.


Message History

The iron imp hits you.
You hit the iron imp but do no damage.
The iron imp is heavily wounded.
The iron imp hits you!
You hit the iron imp.
Your tail-slap misses the iron imp.
The iron imp is heavily wounded.
The iron imp hits you but does no damage.
You hit the iron imp.
The iron imp is severely wounded.
You hit the iron imp but do no damage.
You tail-slap the iron imp, but do no damage.
The iron imp is severely wounded.
The iron imp barely misses you.
You hit the iron imp.
You tail-slap the iron imp, but do no damage.
The iron imp is severely wounded.
The iron imp barely misses you.
You hit the iron imp but do no damage.
The iron imp is severely wounded.
You hit the iron imp. You tail-slap the iron imp.
You kill the iron imp!
You barely miss the iguana. You hit the iguana. You burn the iguana.
The iguana is heavily wounded.
The iguana bites you!
You barely miss the iguana.
The iguana is heavily wounded.
The iguana barely misses you.
You hit the iguana but do no damage.
Your tail-slap misses the iguana.
The iguana is heavily wounded.
The iguana bites you!
You hit the iguana. You burn the iguana.
You tail-slap the iguana, but do no damage.
The iguana is severely wounded.
The iguana bites you!
* * * LOW HITPOINT WARNING * * *
You barely miss the iguana.
The iguana is severely wounded.
The iguana bites you!
You die...

######## #.......
############ #....<..
.......l@..#######.......
#.....####...............
#.....####.#######.......
#.....####.# #.......
.........#.# #.....>.
...........# #.......
..._......## #.......
.........## ######.# .
#.#


You could see an iguana.

Vanquished Creatures
  A phantom (D:5)
  A howler monkey (D:3)
  3 orc priests
  3 jellies
  An iron imp (D:5)
  An orc wizard (D:5)
  7 gnolls
  3 adders
  5 dart slugs
  9 orcs
  5 endoplasms
  A giant cockroach (D:1)
  9 goblins
  7 hobgoblins
  2 iguanas
  6 jackals (D:3)
  3 quokkas
  8 ball pythons
  3 bats
  10 frilled lizards
  11 kobolds
  6 rats
105 creatures vanquished.

Notes
Turn   | Place    | Note
-------+----------+-------------------------------------------
     0 | D:1      | frimble the Demonspawn Earth Elementalist began the quest
                  | for the Orb.
     0 | D:1      | Reached XP level 1. HP: 13/13 MP: 3/3
   132 | D:1      | Reached skill level 1 in Transmutations
   476 | D:1      | Gained mutation: You are partially covered in thin metallic
                  | scales. (AC +2) [demonic ancestry]
   476 | D:1      | Reached XP level 2. HP: 13/19 MP: 0/5
   701 | D:1      | Reached skill level 3 in Earth Magic
  1222 | D:1      | Gained mutation: You have a small tail. [demonic ancestry]
  1222 | D:1      | Reached XP level 3. HP: 23/24 MP: 6/6
  1222 | D:1      | Found a faded altar of an unknown god.
  1769 | D:2      | Got Sif Muna's Quarto of Graupel and the Summer
  2501 | D:3      | Found a shimmering altar of Xom.
  2510 | D:3      | Reached skill level 1 in Short Blades
  2510 | D:3      | Gained mutation: You have a tail ending in a sharp stinger.
                  | [demonic ancestry]
  2510 | D:3      | Reached XP level 4. HP: 30/30 MP: 3/7
  2649 | D:3      | Gained mutation: You are mostly covered in thin metallic
                  | scales. (AC +3) [demonic ancestry]
  2649 | D:3      | Reached XP level 5. HP: 10/35 MP: 5/8
  2966 | D:3      | Found a hide-covered altar of Uskayaw.
  3125 | D:4      | Noticed Duvessa
  3125 | D:4      | Noticed Dowan
  3452 | D:4      | Reached skill level 4 in Earth Magic
  3781 | D:4      | Found a hazy altar of Hepliaklqana.
  3893 | D:4      | Learned a level 2 spell: Passwall
  3898 | D:5      | Entered Level 5 of the Dungeon
  3907 | D:5      | Reached XP level 6. HP: 28/41 MP: 9/9
  4630 | D:5      | Reached XP level 7. HP: 44/46 MP: 10/10
  4655 | D:5      | Found a snail-covered altar of Cheibriados.
  4683 | D:5      | Slain by an iguana

Illustrated notes

Levels and vault maps discovered:
D:1:      dpeg_arrival_stone_temple_mockup, layout_loops_corners,
          hellmonk_ecumenical_altar_zigzags, minivault_25, corner_web_ring,
          minmay_lizard_pond
D:2:      layout_rooms
D:3:      layout_basic, dk_xom_monty_hall, mainiacjoe_overflow_paths,
          corexii_leaking_fountain, small_statue_intersection, chequers_garden,
          minmay_cupped
D:4:      layout_loops_cross, nicolae_hepliaklqana_hippocampus, uniq_duvessa
D:5:      minmay_razor_zed, layout_rooms, slow_altar_1,
          nicolae_vehumet_radiance, tso_altar, minivault_23

Skill      XL: |  1  2  3  4  5  6 |
---------------+-------------------+-----
Transmutations | 1 2 3 |  3.9
Stealth        | 2 |  2.0
Dodging        | 2 |  2.0
Earth Magic    | 3 4 |  4.8
Short Blades   | 1 2 3 |  3.4
Spellcasting   | |  2.1

Action                   |  1- 3 |  4- 6 |  7- 9 || total
-------------------------+-------+-------+-------++-------
Melee: Unarmed           |    37 |       |       ||    37
       Dagger            |    77 |   171 |    20 ||   268
       Tailslap          |     8 |    26 |     5 ||    39
       Punch             |       |     2 |       ||     2
 Cast: Sandblast         |    32 |    50 |     1 ||    83
  Use: Scroll            |     2 |    13 |       ||    15
 Stab: Sleeping          |     4 |     4 |       ||     8
Armor: Robe              |    42 |    18 |       ||    60
       Leather armour    |       |    48 |     1 ||    49
Dodge: Dodged            |    68 |   108 |     4 ||   180

Table legend: (Time is in decaauts)
 A = Elapsed time spent in this place.
 B = Non-inter-level travel time spent in this place.
 C = Inter-level travel time spent in this place.
 D = Time resting spent in this place.
 E = Time spent auto-exploring this place.
 F = Levels seen in this place.
 G = Mean time per level.
                   A        B        C        D        E       F      G
               +--------+--------+--------+--------+--------+-----+--------+
         Total |   4701 |   4586 |    115 |     36 |   3709 |   5 |  940.2 |
       Dungeon |   4701 |   4586 |    115 |     36 |   3709 |   5 |  940.2 |
               +--------+--------+--------+--------+--------+-----+--------+

Top non-repeatable levels by time:
     D:1: 1651 daAuts
     D:3: 1060 daAuts
     D:4: 1010 daAuts
     D:2: 751 daAuts
     D:5: 229 daAuts
